Map: Catalyst LE

Players

Alanix - Winner!

  • Race: Protoss Protoss
  • League: Diamond
  • Spawn Location: 5:00

BOOM

  • Race: Protoss Protoss
  • League: Diamond
  • Spawn Location: 11:00

VOD

Have the link to the VOD?

Description

PvP Opponent went one gate expand. I tried to punish with 4 gate. Failed.

Time

  • Played on: Dec. 11, 2017, 5:23 p.m.
  • Length: 9:14
Show
View Real Time Build Order
Export as new Build Order

Alanix Protoss - Winner!

Build Orders: 1 Gate Expand 

Get SALT Encoding   

  12  0:01  Probe  
  13  0:13  Probe  
  14  0:22  Pylon  
  14  0:25  Probe  
  15  0:40  Probe  
  15  0:42  Gateway  
  16  0:52  Probe  
  17  1:14  Nexus  
  17  1:25  Assimilator  
  17  1:26  Probe  
  17  1:29  Cybernetics Core  
  18  1:36  Assimilator  
  18  1:38  Probe  
  19  1:50  Probe  
  20  2:08  Warp Gate  
  20  2:15  Gateway  
  20  2:17  Probe (Chrono Boost)  
  21  2:24  Assimilator  
  21  2:29  Probe (Chrono Boost)  
  23  2:32  Robotics Facility  
  23  2:33  Probe (Chrono Boost)  
  23  2:37  Probe  
  24  2:45  Pylon  
  24  2:49  Probe  
  25  2:54  Probe  
  26  3:01  Stalker (Chrono Boost)  
  28  3:16  Stalker  
  27  3:26  Stalker  
  27  3:28  Probe  
  27  3:40  Probe x2  
  29  3:55  Immortal (Chrono Boost)  
  33  3:58  Probe  
  34  4:04  Shield Battery  
  34  4:09  Probe  
  35  4:19  Stalker  
  37  4:25  Probe x2, Pylon  
  37  4:31  Observer  
  38  4:45  Stalker x2  
  38  4:50  Probe  
  39  5:00  Stalker  
  39  5:01  Stalker  
  43  5:14  Immortal (Chrono Boost)  
  41  5:25  Stalker x2  
  41  5:36  Shield Battery  
  41  5:39  Probe  
  42  5:55  Stalker  
  42  5:56  Stalker  
  46  6:03  Probe x2  
  44  6:06  Immortal (Chrono Boost)  
  48  6:25  Stalker x2  
  50  6:30  Pylon  
  50  6:35  Immortal (Chrono Boost)  
  54  6:40  Pylon  
  54  6:44  Forge  
  54  6:48  Probe x2  
  56  6:55  Shield Battery  
  56  6:59  Forge  
  56  7:00  Probe x2  
  58  7:03  Sentry x2  
  62  7:12  Observer  
  62  7:13  Probe  
  62  7:14  Probe  
  64  7:21  Twilight Council  
  64  7:26  Protoss Ground Weapons Level 1 (Chrono Boost)  
  64  7:28  Immortal (Chrono Boost)  
  68  7:32  Pylon  
  68  7:36  Stalker  
  70  7:42  Pylon  
  70  7:45  Pylon  
  70  7:51  Stalker  
  72  8:00  Stalker  
  74  8:08  Probe  
  74  8:12  Immortal  
  77  8:41  Stalker x2  
  81  9:10  Nexus  
Show
View Real Time Build Order
Export as new Build Order

BOOM Protoss 

Build Orders:  

Get SALT Encoding   

  12  0:01  Probe  
  13  0:13  Probe  
  14  0:23  Pylon  
  14  0:26  Probe  
  15  0:41  Gateway, Probe  
  16  0:47  Assimilator  
  16  0:53  Probe  
  16  0:54  Assimilator  
  17  1:05  Probe  
  18  1:17  Probe  
  19  1:21  Gateway  
  19  1:29  Probe  
  19  1:30  Cybernetics Core  
  20  1:41  Probe  
  21  1:52  Pylon  
  22  1:54  Probe, Pylon  
  22  2:08  Pylon  
  22  2:11  Adept x2 (Chrono Boost)  
  22  2:15  Warp Gate  
  26  2:26  Gateway  
  26  2:34  Stalker  
  26  2:36  Sentry  
  30  2:54  Gateway  
  30  3:10  Probe  
  29  3:21  Stalker x2  
  33  3:29  Stalker  
  33  3:40  Shield Battery  
  33  3:47  Pylon  
  35  4:04  Pylon  
  33  4:21  Stalker  
  33  4:22  Stalker x3  
  33  4:46  Stalker x4  
  37  5:12  Stalker x2  
  37  5:13  Stalker  
  29  5:36  Stalker x3  
  29  6:03  Stalker x4  
  23  6:46  Pylon  
  23  6:47  Nexus  
  23  6:53  Probe (Chrono Boost)  
  24  6:58  Twilight Council  
  24  7:05  Probe (Chrono Boost)  
  24  7:07  Shield Battery  
  25  7:08  Shield Battery  
  25  7:12  Probe (Chrono Boost)  
  26  7:26  Stalker  
  26  7:27  Stalker  
  30  7:32  Probe  
  31  7:44  Probe  
  32  7:47  Dark Shrine  
  32  8:00  Probe x2 (Chrono Boost)  
  34  8:11  Probe (Chrono Boost)  
  34  8:12  Probe (Chrono Boost)  
  36  8:13  Probe  
  36  8:14  Probe  
  38  8:21  Stalker  
  38  8:25  Probe  
  38  8:26  Probe  
  29  8:43  Pylon  
  23  8:59  Dark Templar x4  
Tags
 
Matchup
PvP
Spawn Locations
Cross Positions
Add a new tag
Caveats
  • Supply blocks, unpowered buildings, or Contaminate may cause inaccurate times.
  • Supply counts are checked every 10 seconds.